 Dungeon Crawl Stone Soup version 0.30.0-10-gfe55d96785 (webtiles) character file.

Game seed: 14835932973724367401

22197 qw the Cleaver (level 12, -11/77 HPs)
             Began as a Gargoyle Cinder Acolyte on May 15, 2023.
             Was an Initiate of Okawaru.
             Mangled by Snorg (18 damage)
             ... on level 4 of the Lair of Beasts.
             The game lasted 00:06:41 (13200 turns).

qw the Cleaver (Gargoyle Cinder Acolyte)           Turns: 13200, Time: 00:06:41

Health: -11/77     AC: 27    Str: 22      XL:     12   Next: 98%
Magic:  13/13      EV: 12    Int: 14 (16) God:    Okawaru [......]
Gold:   718        SH: 10    Dex:  5      Spells: 13/13 levels left

rFire   . . .        Y - +4 broad axe (elec)
rCold   . . .        a - +0 kite shield
rNeg    + . .        n - +0 plate armour
rPois   inf          d - +0 helmet
rElec   +            c - +0 cloak
rCorr   .            l - +0 pair of gloves
SInv    +            (no boots)
Will    .....        (no amulet) Stlth
                     e - +5 ring of evasion
HPRegen 0.32/turn    q - ring of see invisible
MPRegen 0.13/turn

%: no passive effects
@: about to teleport, flying, fire susceptible
A: sickness immunity, AC +8, negative energy resistance 1, electricity
resistance, torment resistance 1, petrification resistance, big wings,
deterioration 1, sense surroundings 1, sturdy frame 1
a: Renounce Religion


You were on level 4 of the Lair of Beasts.
You worshipped Okawaru.
Okawaru was noncommittal.
You visited 3 branches of the dungeon, and saw 14 of its levels.

You collected 718 gold pieces.


Innate Abilities, Weirdness & Mutations

You are immune to sickness and miasma.
Your stone body is resilient. (AC +8)
You are immune to poison.
You resist negative energy. (rN+)
You are resistant to electric shocks. (rElec)
You are resistant to unholy torment.
You are immune to petrification.
Your large and strong wings let you fly.
Your body sometimes deteriorates upon taking damage.
You passively map a small area around you.
Your movements are slightly less encumbered by armour. (ER -2)


   Skills:
 - Level 10.0 Fighting
 - Level 13.0 Axes
 - Level 3.1 Throwing
 + Level 9.5 Armour
 - Level 1.1 Dodging
 - Level 11.0 Shields
 - Level 1.0 Spellcasting
 - Level 3.0 Fire Magic


You had 13 spell levels left.
You didn't know any spells.
Your spell library contained the following spells:

 Spells                   Type           Power      Damage    Failure   Level
 Scorch                   Fire           18%        2d5       85%         2

Inventory:

Hand Weapons
 b - a +0 hand axe of flaming
 Y - a +4 broad axe of electrocution (weapon)
Armour
 a - a +0 kite shield (worn)
 c - a +0 cloak (worn)
 d - a +0 helmet (worn)
 l - a +0 pair of gloves (worn)
 n - a +0 plate armour (worn)
Jewellery
 e - a +5 ring of evasion (left hand)
 q - a ring of see invisible (right hand)
 s - a +6 ring of strength
Scrolls
 f - a scroll of teleportation
 h - 8 scrolls of identify
Potions
 j - 2 potions of cancellation
 k - a potion of resistance
 m - a potion of mutation
 o - 3 potions of might
 p - 4 potions of haste
 r - 3 potions of curing

Dungeon Overview and Level Annotations

Branches:
Dungeon (10/15)            Temple (1/1) D:4            Lair (4/5) D:10
    Orc (0/2) D:10
  Swamp: Lair:2-3    Shoals: Lair:2-3     Snake: Lair:2-3    Spider: Lair:2-3
  Slime: Lair:4-5

Altars:
Ashenzari
Cheibriados
Dithmenos
Elyvilon
Fedhas
Gozag
Hepliaklqana
Kikubaaqudgha
Makhleb
Nemelex Xobeh
Okawaru
Qazlal
Ru
Sif Muna
Trog
Uskayaw
Vehumet
Wu Jian
Xom
Yredelemnul
Zin
The Shining One

Shops:
D:2 [   D:7 (

Annotations:
D:7 1 runed translucent door, Crazy Yiuf
Lair:1 2 transporters, Sammaje's ghost, novice MiBe
Lair:2 1 runed translucent door, qw's ghost, journeyman GrCA
Lair:4 Snorg


Message History

Snorg misses you.
You barely miss Snorg.
Snorg is heavily wounded.
Snorg closely misses you. Snorg barely misses you. You block Snorg's attack.
Snorg barely misses you. You block Snorg's attack.
Snorg claws you but does no damage.
You hit Snorg. Lightning courses through Snorg!
Snorg is heavily wounded.
You block Snorg's attack. Snorg claws you but does no damage.
You block Snorg's attack. Snorg closely misses you. You block Snorg's attack.
Snorg claws you but does no damage.
You slash Snorg!
Snorg is severely wounded.
You block Snorg's attack. x2; Snorg claws you but does no damage.
You slash Snorg!
Snorg is severely wounded.
Snorg bites you but does no damage. You block Snorg's attack.
Snorg closely misses you. Snorg bites you. Snorg misses you. x2
You closely miss Snorg.
Snorg is severely wounded.
Snorg closely misses you. Snorg misses you. x2
You barely miss Snorg.
Snorg is severely wounded.
Snorg barely misses you. Snorg misses you. Snorg claws you but does no damage.
Snorg bites you! Snorg completely misses you.
Snorg claws you but does no damage.
You hit Snorg.
Snorg is severely wounded.
Snorg closely misses you. Snorg claws you! You block Snorg's attack.
You barely miss Snorg.
Snorg is severely wounded.
Snorg bites you but does no damage. Snorg closely misses you.
Snorg barely misses you. Snorg bites you! Snorg claws you!
Your body deteriorates!
You feel dopey. Snorg barely misses you.
13200 ||| READING 2 scrolls of teleportation.
As you read the scroll of teleportation, it crumbles to dust.
You feel strangely unstable. Snorg bites you!!
You die...

...##.....## ##
*#.........##P# * #.
#..........P.## #.... ,
#.##...#..[...## .#....
##..####.....##...... ,
#...## ##.....#......
,,, * ###..##
##.....#..... , #...#
##.....P...., ##.##
#?.@.<..... , #..##
##.#T.>...# * #...#
##......P# ##..#
*........ , *
######...## ........
#.##.#....### ........ ,
###..........P. ........
#..##...........,.......
, #./............. , ,


You could see Snorg (berserk).

Vanquished Creatures
  2 hydras (Lair:1)
  A boulder beetle (Lair:1)
  2 death yaks (Lair:1)
  Maurice (D:8)
  Joseph (D:8)
  5 elephants
  7 cane toads
  Psyche (D:8)
  4 komodo dragons
  3 trolls
  5 blink frogs
  Sigmund (D:2)
  A wraith (D:8)
  2 fire elementals (Lair:2)
  6 wyverns
  A steam dragon (D:8)
  Grum (Lair:1)
  4 vampire mosquitoes (D:5)
  2 basilisks
  22 yaks
  Menkaure (D:7)
  An acid dragon (D:6)
  9 water moccasins
  5 orc warriors
  A sky beast (D:7)
  An ice beast (D:7)
  2 black bears (D:10)
  An ogre (D:6)
  10 wolves
  3 centaurs
  3 phantoms
  A kobold brigand (D:6)
  11 bullfrogs
  2 gnoll sergeants (D:9)
  6 scorpions
  4 wights (D:6)
  7 killer bees
  A vampire bat (D:9)
  An electric eel (Lair:2)
  7 howler monkeys
  3 hounds
  2 gnoll boudas (D:6)
  9 orc priests
  Jessica (D:2)
  3 iguanas
  14 orc wizards
  8 ogre zombies (D:10)
  14 gnolls
  8 adders
  2 shadow imps (D:6)
  A white imp (D:6)
  2 ufetubi
  5 dart slugs
  43 orcs
  8 ball pythons
  13 bats
  2 bat skeletons (D:9)
  3 bat zombies (D:9)
  5 endoplasms
  3 giant cockroaches
  8 hobgoblins
  7 jackals
  15 kobolds
  2 quokkas
  A frilled lizard (D:1)
  5 goblins
  A goblin skeleton (D:10)
  3 goblin zombies (D:10)
  3 hobgoblin skeletons (D:10)
  2 hobgoblin zombies (D:10)
  3 orc skeletons (D:10)
  13 orc zombies (D:10)
  10 rats
371 creatures vanquished.

Notes
Turn   | Place    | Note
-------+----------+-------------------------------------------
     0 | D:1      | qw the Gargoyle Cinder Acolyte began the quest for the Orb.
     0 | D:1      | Reached XP level 1. HP: 14/14 MP: 2/2
     0 | D:1      | 0 ||| qw: Version: 0.2-a-94-g6f95ed7
     0 | D:1      | 0 ||| qw: Game counter: 30
     0 | D:1      | 0 ||| qw: Always use a shield: true
     0 | D:1      | 0 ||| qw: God list: Okawaru
     0 | D:1      | 0 ||| qw: Allow faded altars: false
     0 | D:1      | 0 ||| qw: Do Orc after D:15 true
     0 | D:1      | 0 ||| qw: Do second Lair branch before Depths: true
     0 | D:1      | 0 ||| qw: Lair rune preference: random
     0 | D:1      | 0 ||| qw: Plans: Normal
     0 | D:1      | 0 ||| PLANNING D:1-11
    85 | D:1      | Reached skill level 3 in Axes
   144 | D:1      | Reached XP level 2. HP: 19/19 MP: 3/3
   193 | D:1      | 193 ||| Stepping ~*~*~tactically~*~*~ (stealth).
   378 | D:1      | 378 ||| Stepping ~*~*~tactically~*~*~ (stealth).
   379 | D:1      | 379 ||| Stepping ~*~*~tactically~*~*~ (stealth).
   448 | D:1      | 448 ||| INVOKING Fiery Armour.
   675 | D:1      | 675 ||| UPGRADING to +0 cloak.
   680 | D:1      | 680 ||| UPGRADING to +0 ring mail.
   690 | D:1      | 690 ||| DROPPING +0 robe.
   691 | D:1      | 691 ||| READING 2 scrolls labelled IROUKH BAPOEHAW.
   692 | D:1      | 692 ||| READING 2 scrolls labelled LESOYW KAFOCI.
   693 | D:1      | 693 ||| READING scroll labelled NOPAUT VADICIT.
   694 | D:1      | 694 ||| READING scroll labelled TOYZAODAQO.
   695 | D:1      | 695 ||| DROPPING scroll of noise.
   704 | D:2      | Noticed Sigmund
   709 | D:2      | Reached XP level 3. HP: 23/23 MP: 4/4
   717 | D:2      | 717 ||| STAIRDANCE
   717 | D:2      | HP: 2/23 [something (10)]
   719 | D:1      | 719 ||| INVOKING Fiery Armour.
   816 | D:2      | HP: 5/23 [something (9)]
   822 | D:2      | Killed Sigmund
   823 | D:2      | Reached XP level 4. HP: 8/28 MP: 5/5
   823 | D:2      | Reached XP level 5. HP: 10/32 MP: 6/6
   963 | D:2      | Found Lofoicae's Antique Armour Emporium.
   973 | D:2      | 973 ||| SHOPLISTING glowing robe (85 gold, have 29).
   973 | D:2      | 973 ||| SHOPLISTING pair of dazzling boots (218 gold, have
                  | 29).
   973 | D:2      | 973 ||| SHOPLISTING shiny scale mail (161 gold, have 29).
  1092 | D:2      | 1092 ||| Stepping ~*~*~tactically~*~*~ (stealth).
  1177 | D:2      | Found a faded altar of an unknown god.
  1261 | D:2      | Noticed Jessica
  1262 | D:2      | 1262 ||| Stepping ~*~*~tactically~*~*~ (stealth).
  1271 | D:2      | Killed Jessica
  1272 | D:2      | Reached skill level 4 in Axes
  1272 | D:2      | Reached XP level 6. HP: 37/37 MP: 7/7
  1278 | D:2      | 1278 ||| Stepping ~*~*~tactically~*~*~ (stealth).
  1465 | D:2      | 1465 ||| UPGRADING to +0 helmet.
  1470 | D:2      | 1470 ||| READING scroll labelled SAAFISH OFUU.
  1471 | D:2      | 1471 ||| READING scroll labelled JAAMPO TETS.
  1472 | D:2      | 1472 ||| DRINKING 2 fizzy ruby potions.
  1473 | D:2      | 1473 ||| DROPPING potion of degeneration.
  1492 | D:3      | Found a snail-covered altar of Cheibriados.
  1494 | D:3      | Found a shimmering altar of Xom.
  1555 | D:3      | 1555 ||| Stepping ~*~*~tactically~*~*~ (hiding).
  1689 | D:3      | 1689 ||| Stepping ~*~*~tactically~*~*~ (hiding).
  1907 | D:3      | 1907 ||| Stepping ~*~*~tactically~*~*~ (stealth).
  1908 | D:3      | 1908 ||| Stepping ~*~*~tactically~*~*~ (hiding).
  1934 | D:3      | 1934 ||| INVOKING Fiery Armour.
  2034 | D:3      | 2034 ||| SWAPPING to +0 war axe.
  2090 | D:3      | 2090 ||| Stepping ~*~*~tactically~*~*~ (hiding).
  2322 | D:3      | Reached skill level 5 in Axes
  2405 | D:3      | 2405 ||| UPGRADING to +0 chain mail.
  2415 | D:3      | 2415 ||| DROPPING +0 ring mail.
  2416 | D:3      | 2416 ||| UPGRADING to ring of see invisible.
  2417 | D:3      | 2417 ||| READING 2 scrolls labelled POBBAD ZEMIPUING.
  2418 | D:3      | 2418 ||| DROPPING scroll of amnesia.
  2527 | D:4      | Found a shimmering blue altar of Sif Muna.
  2614 | D:4      | 2614 ||| Stepping ~*~*~tactically~*~*~ (stealth).
  2634 | D:4      | 2634 ||| Stepping ~*~*~tactically~*~*~ (stealth).
  2666 | D:4      | Reached XP level 7. HP: 35/44 MP: 8/8
  2860 | D:4      | 2860 ||| Stepping ~*~*~tactically~*~*~ (hiding).
  2978 | D:4      | Found a staircase to the Ecumenical Temple.
  3149 | D:4      | 3149 ||| Stepping ~*~*~tactically~*~*~ (stealth).
  3197 | D:4      | Reached skill level 6 in Axes
  3273 | D:4      | 3273 ||| Stepping ~*~*~tactically~*~*~ (stealth).
  3433 | D:4      | 3433 ||| UPGRADING to +6 ring of strength.
  3434 | D:4      | 3434 ||| READING scroll labelled BEXICR EHIXT.
  3435 | D:4      | 3435 ||| READING scroll labelled LEKEEPR MALYDGH.
  3436 | D:4      | 3436 ||| DRINKING 2 yellow potions.
  3436 | D:4      | Gained mutation: You are vulnerable to cold. (rC-) [potion
                  | of mutation]
  3436 | D:4      | Gained mutation: Your muscles are strong. (Str +4, Int/Dex
                  | -1) [potion of mutation]
  3437 | D:4      | 3437 ||| DRINKING potion of mutation.
  3437 | D:4      | Lost mutation: You are vulnerable to cold. (rC-) [potion of
                  | mutation]
  3437 | D:4      | Lost mutation: Your muscles are strong. (Str +4, Int/Dex
                  | -1) [potion of mutation]
  3437 | D:4      | Gained mutation: Your body sometimes deteriorates upon
                  | taking damage. [potion of mutation]
  3437 | D:4      | Gained mutation: You passively map a small area around you.
                  | [potion of mutation]
  3437 | D:4      | Gained mutation: Your large and strong wings let you fly.
                  | [potion of mutation]
  3437 | D:4      | Gained mutation: Your movements are slightly less
                  | encumbered by armour. (ER -2) [potion of mutation]
  3438 | D:4      | 3438 ||| DRINKING 2 inky potions.
  3446 | D:4      | 3446 ||| READING 3 scrolls of identify.
  3446 | D:4      | 3446 ||| IDENTIFYING lumpy yellow potion
  3447 | D:4      | 3447 ||| READING 2 scrolls of identify.
  3447 | D:4      | 3447 ||| IDENTIFYING bubbling purple potion
  3448 | D:4      | 3448 ||| DROPPING potion of lignification.
  3449 | D:4      | 3449 ||| DROPPING potion of ambrosia.
  3485 | D:5      | Entered Level 5 of the Dungeon
  3488 | D:5      | 3488 ||| Stepping ~*~*~tactically~*~*~ (stealth).
  3550 | D:5      | 3550 ||| Stepping ~*~*~tactically~*~*~ (hiding).
  3745 | D:5      | Noticed a vampire mosquito
  3755 | D:5      | Noticed a vampire mosquito
  3756 | D:5      | 3756 ||| INVOKING Fiery Armour.
  3756 | D:5      | Noticed a vampire mosquito
  3758 | D:5      | Noticed a vampire mosquito
  3760 | D:5      | Killed a vampire mosquito
  3761 | D:5      | Reached skill level 7 in Axes
  3761 | D:5      | Reached XP level 8. HP: 18/48 MP: 9/9
  3761 | D:5      | HP: 10/48 [vampire mosquito (8)]
  3766 | D:5      | Reached skill level 3 in Throwing
  3768 | D:5      | 3768 ||| Stepping ~*~*~tactically~*~*~ (stealth).
  3769 | D:5      | 3769 ||| Stepping ~*~*~tactically~*~*~ (stealth).
  3773 | D:5      | 3773 ||| Stepping ~*~*~tactically~*~*~ (stealth).
  3774 | D:5      | 3774 ||| Stepping ~*~*~tactically~*~*~ (stealth).
  3775 | D:5      | 3775 ||| Stepping ~*~*~tactically~*~*~ (stealth).
  4158 | D:5      | 4158 ||| UPGRADING to +0 kite shield.
  4163 | D:5      | 4163 ||| READING 5 scrolls of identify.
  4163 | D:5      | 4163 ||| IDENTIFYING smoky dark potion
  4164 | D:5      | 4164 ||| READING 4 scrolls of identify.
  4164 | D:5      | 4164 ||| IDENTIFYING fizzy red potion
  4165 | D:5      | 4165 ||| READING 3 scrolls of identify.
  4165 | D:5      | 4165 ||| IDENTIFYING smoky coppery potion
  4166 | D:5      | 4166 ||| READING 2 scrolls of identify.
  4166 | D:5      | 4166 ||| IDENTIFYING blue potion
  4167 | D:5      | 4167 ||| DROPPING potion of magic.
  4250 | D:6      | 4250 ||| READING scroll labelled TEREFO QOLE.
  4250 | D:6      | Identified a scroll of acquirement
  4250 | D:6      | 4250 ||| ACQUIRING +4 broad axe of electrocution
  4250 | D:6      | Acquired a +4 broad axe of electrocution
  4252 | D:6      | 4252 ||| SWAPPING to +4 broad axe of electrocution.
  4253 | D:6      | 4253 ||| DROPPING +0 war axe.
  4278 | D:6      | 4278 ||| Stepping ~*~*~tactically~*~*~ (hiding).
  4279 | D:6      | 4279 ||| Stepping ~*~*~tactically~*~*~ (hiding).
  4281 | D:6      | 4281 ||| Stepping ~*~*~tactically~*~*~ (hiding).
  4291 | D:6      | Reached skill level 1 in Shields
  4389 | D:6      | Reached skill level 3 in Shields
  4443 | D:6      | Reached XP level 9. HP: 54/54 MP: 10/10
  4445 | D:6      | 4445 ||| READING scroll labelled FUQAOWU GUUNI.
  4502 | D:6      | 4502 ||| Stepping ~*~*~tactically~*~*~ (stealth).
  4504 | D:6      | 4504 ||| Stepping ~*~*~tactically~*~*~ (hiding).
  4635 | D:6      | 4635 ||| Stepping ~*~*~tactically~*~*~ (hiding).
  4636 | D:6      | 4636 ||| Stepping ~*~*~tactically~*~*~ (hiding).
  4637 | D:6      | 4637 ||| Stepping ~*~*~tactically~*~*~ (hiding).
  4648 | D:6      | 4648 ||| Stepping ~*~*~tactically~*~*~ (stealth).
  4652 | D:6      | 4652 ||| Stepping ~*~*~tactically~*~*~ (stealth).
  4654 | D:6      | 4654 ||| Stepping ~*~*~tactically~*~*~ (hiding).
  4656 | D:6      | 4656 ||| Stepping ~*~*~tactically~*~*~ (hiding).
  4657 | D:6      | 4657 ||| Stepping ~*~*~tactically~*~*~ (hiding).
  4658 | D:6      | 4658 ||| Stepping ~*~*~tactically~*~*~ (hiding).
  4708 | D:6      | 4708 ||| Stepping ~*~*~tactically~*~*~ (stealth).
  4991 | D:6      | Noticed a komodo dragon
  4992 | D:6      | 4992 ||| Stepping ~*~*~tactically~*~*~ (stealth).
  4997 | D:6      | Killed a komodo dragon
  4998 | D:6      | Reached skill level 6 in Shields
  5508 | D:6      | Reached skill level 8 in Axes
  5641 | D:6      | 5641 ||| UPGRADING to +0 pair of gloves.
  5691 | D:7      | Found a blossoming altar of Fedhas.
  5726 | D:7      | Found Kaskutin's Weapon Boutique.
  5737 | D:7      | Noticed Menkaure
  5738 | D:7      | 5738 ||| Stepping ~*~*~tactically~*~*~ (hiding).
  5744 | D:7      | Killed Menkaure
  5745 | D:7      | Reached skill level 6 in Fighting
  6133 | D:7      | Found a runed translucent door.
  6157 | D:7      | Noticed Crazy Yiuf
  6336 | D:7      | 6336 ||| Stepping ~*~*~tactically~*~*~ (stealth).
  6347 | D:7      | 6347 ||| Stepping ~*~*~tactically~*~*~ (stealth).
  6348 | D:7      | 6348 ||| Stepping ~*~*~tactically~*~*~ (stealth).
  6558 | D:7      | 6558 ||| READING scroll labelled BEXZUDORCHI.
  6659 | D:7      | 6659 ||| READING 5 scrolls of identify.
  6659 | D:7      | 6659 ||| IDENTIFYING metallic inky potion
  6660 | D:7      | 6660 ||| DROPPING potion of berserk rage.
  6856 | D:8      | 6856 ||| STAIRDANCE
  6859 | D:7      | Reached XP level 10. HP: 48/60 MP: 11/11
  6959 | D:8      | 6959 ||| Stepping ~*~*~tactically~*~*~ (hiding).
  6960 | D:8      | 6960 ||| Stepping ~*~*~tactically~*~*~ (hiding).
  6961 | D:8      | 6961 ||| Stepping ~*~*~tactically~*~*~ (hiding).
  7052 | D:8      | Reached skill level 9 in Axes
  7183 | D:8      | 7183 ||| Stepping ~*~*~tactically~*~*~ (hiding).
  7184 | D:8      | 7184 ||| Stepping ~*~*~tactically~*~*~ (hiding).
  7186 | D:8      | 7186 ||| Stepping ~*~*~tactically~*~*~ (hiding).
  7200 | D:8      | 7200 ||| Stepping ~*~*~tactically~*~*~ (stealth).
  7205 | D:8      | 7205 ||| Stepping ~*~*~tactically~*~*~ (hiding).
  7207 | D:8      | 7207 ||| Stepping ~*~*~tactically~*~*~ (hiding).
  7218 | D:8      | 7218 ||| Stepping ~*~*~tactically~*~*~ (stealth).
  7227 | D:8      | 7227 ||| Stepping ~*~*~tactically~*~*~ (stealth).
  7238 | D:8      | Reached skill level 1 in Dodging
  7317 | D:8      | Noticed Psyche
  7327 | D:8      | Killed Psyche
  7328 | D:8      | Reached skill level 9 in Shields
  7445 | D:8      | 7445 ||| Stepping ~*~*~tactically~*~*~ (hiding).
  7448 | D:8      | 7448 ||| Stepping ~*~*~tactically~*~*~ (hiding).
  7456 | D:8      | 7456 ||| Stepping ~*~*~tactically~*~*~ (hiding).
  7457 | D:8      | 7457 ||| Stepping ~*~*~tactically~*~*~ (hiding).
  7462 | D:8      | 7462 ||| INVOKING Fiery Armour.
  7643 | D:8      | Noticed Joseph
  7644 | D:8      | 7644 ||| Stepping ~*~*~tactically~*~*~ (hiding).
  7664 | D:8      | Killed Joseph
  7758 | D:8      | 7758 ||| Stepping ~*~*~tactically~*~*~ (stealth).
  7798 | D:8      | 7798 ||| Stepping ~*~*~tactically~*~*~ (stealth).
  7920 | D:8      | 7920 ||| Stepping ~*~*~tactically~*~*~ (stealth).
  7933 | D:8      | Noticed Maurice
  7934 | D:8      | 7934 ||| Stepping ~*~*~tactically~*~*~ (hiding).
  7958 | D:8      | Killed Maurice
  7959 | D:8      | Reached skill level 10 in Axes
  8005 | D:8      | 8005 ||| Stepping ~*~*~tactically~*~*~ (hiding).
  8006 | D:8      | 8006 ||| Stepping ~*~*~tactically~*~*~ (hiding).
  8141 | D:8      | 8141 ||| Stepping ~*~*~tactically~*~*~ (hiding).
  8166 | D:8      | 8166 ||| Stepping ~*~*~tactically~*~*~ (hiding).
  8320 | D:8      | 8320 ||| UPGRADING to +0 plate armour.
  8330 | D:8      | 8330 ||| DROPPING +0 chain mail.
  8331 | D:8      | 8331 ||| READING scroll labelled LOFOEH EMAP.
  8372 | D:8      | 8372 ||| READING 4 scrolls of identify.
  8372 | D:8      | 8372 ||| IDENTIFYING purple potion
  8373 | D:8      | 8373 ||| DROPPING potion of flight.
  8416 | D:9      | 8416 ||| Stepping ~*~*~tactically~*~*~ (stealth).
  8417 | D:9      | 8417 ||| Stepping ~*~*~tactically~*~*~ (stealth).
  8419 | D:9      | 8419 ||| Stepping ~*~*~tactically~*~*~ (hiding).
  8462 | D:9      | 8462 ||| Stepping ~*~*~tactically~*~*~ (stealth).
  8484 | D:9      | 8484 ||| Stepping ~*~*~tactically~*~*~ (stealth).
  8487 | D:9      | 8487 ||| Stepping ~*~*~tactically~*~*~ (stealth).
  8523 | D:9      | 8523 ||| Stepping ~*~*~tactically~*~*~ (stealth).
  8530 | D:9      | Reached skill level 6 in Armour
  8530 | D:9      | Reached XP level 11. HP: 67/67 MP: 12/12
  8740 | D:9      | 8740 ||| Stepping ~*~*~tactically~*~*~ (stealth).
  8741 | D:9      | 8741 ||| Stepping ~*~*~tactically~*~*~ (stealth).
  8749 | D:9      | 8749 ||| Stepping ~*~*~tactically~*~*~ (stealth).
  8758 | D:9      | 8758 ||| Stepping ~*~*~tactically~*~*~ (stealth).
  8933 | D:9      | 8933 ||| Stepping ~*~*~tactically~*~*~ (stealth).
  8943 | D:9      | 8943 ||| Stepping ~*~*~tactically~*~*~ (stealth).
  8945 | D:9      | 8945 ||| Stepping ~*~*~tactically~*~*~ (stealth).
  8947 | D:9      | 8947 ||| Stepping ~*~*~tactically~*~*~ (stealth).
  8966 | D:9      | Found an ancient bone altar of Kikubaaqudgha.
  9141 | D:9      | 9141 ||| READING scroll labelled LUCAKK JYSETTI.
  9142 | D:9      | 9142 ||| READING 4 scrolls of identify.
  9142 | D:9      | 9142 ||| IDENTIFYING silvery potion
  9162 | D:10     | Entered Level 10 of the Dungeon
  9241 | D:10     | 9241 ||| Stepping ~*~*~tactically~*~*~ (hiding).
  9306 | D:10     | 9306 ||| Stepping ~*~*~tactically~*~*~ (stealth).
  9310 | D:10     | 9310 ||| INVOKING Fiery Armour.
  9336 | D:10     | Reached skill level 11 in Axes
  9370 | D:10     | Found a staircase to the Lair.
  9416 | D:10     | Found a staircase to the Orcish Mines.
  9418 | D:10     | 9418 ||| Stepping ~*~*~tactically~*~*~ (stealth).
  9439 | D:10     | 9439 ||| Stepping ~*~*~tactically~*~*~ (stealth).
  9443 | D:10     | 9443 ||| INVOKING Fiery Armour.
  9508 | D:10     | 9508 ||| Stepping ~*~*~tactically~*~*~ (stealth).
 10051 | D:10     | Found a hide-covered altar of Uskayaw.
 10051 | D:10     | Found a stormy altar of Qazlal.
 10438 | D:10     | 10438 ||| PLANNING LAIR
 10449 | Lair:1   | Entered Level 1 of the Lair of Beasts
 10449 | Lair:1   | Noticed a moth of wrath
 10449 | Lair:1   | Noticed Sammaje's ghost (novice MiBe)
 10449 | Lair:1   | Noticed a moth of wrath
 10449 | Lair:1   | Found a transporter.
 10470 | Lair:1   | Found a transporter.
 10518 | Lair:1   | 10518 ||| Stepping ~*~*~tactically~*~*~ (stealth).
 10619 | Lair:1   | Noticed Grum
 10620 | Lair:1   | 10620 ||| Stepping ~*~*~tactically~*~*~ (hiding).
 10621 | Lair:1   | 10621 ||| Stepping ~*~*~tactically~*~*~ (hiding).
 10625 | Lair:1   | 10625 ||| INVOKING Fiery Armour.
 10633 | Lair:1   | Killed Grum
 10793 | Lair:1   | Noticed a death yak
 10794 | Lair:1   | 10794 ||| INVOKING Fiery Armour.
 10802 | Lair:1   | Killed a death yak
 10803 | Lair:1   | Reached skill level 9 in Fighting
 10821 | Lair:1   | Reached XP level 12. HP: 76/76 MP: 13/13
 10989 | Lair:1   | Noticed a boulder beetle
 10991 | Lair:1   | 10991 ||| INVOKING Fiery Armour.
 10992 | Lair:1   | Noticed a five-headed hydra
 11000 | Lair:1   | 11000 ||| SWAPPING to +0 hand axe of flaming.
 11006 | Lair:1   | Killed a four-headed hydra
 11007 | Lair:1   | 11007 ||| SWAPPING to +4 broad axe of electrocution.
 11019 | Lair:1   | Killed a boulder beetle
 11020 | Lair:1   | Reached skill level 12 in Axes
 11086 | Lair:1   | Identified the +9 mace of Eternal Harmony {vamp, Str-4
                  | Int+3 Dex+4}
 11136 | Lair:1   | Noticed a death yak
 11136 | Lair:1   | Noticed a seven-headed hydra
 11137 | Lair:1   | 11137 ||| INVOKING Fiery Armour.
 11140 | Lair:1   | 11140 ||| SWAPPING to +0 hand axe of flaming.
 11145 | Lair:1   | Killed a five-headed hydra
 11146 | Lair:1   | 11146 ||| SWAPPING to +4 broad axe of electrocution.
 11189 | Lair:1   | Killed a death yak
 11190 | Lair:1   | Reached skill level 9 in Armour
 11588 | Lair:1   | 11588 ||| READING 6 scrolls of identify.
 11588 | Lair:1   | 11588 ||| IDENTIFYING dark potion
 11589 | Lair:1   | 11589 ||| DROPPING potion of attraction.
 11714 | Lair:2   | 11714 ||| STAIRDANCE
 11837 | Lair:2   | 11837 ||| INVOKING Fiery Armour.
 11837 | Lair:2   | HP: 13/77 [elephant (10)]
 11838 | Lair:2   | 11838 ||| READING scroll of teleportation.
 11839 | Lair:2   | 11839 ||| DRINKING potion of heal wounds.
 12124 | Lair:2   | Found a runed translucent door.
 12125 | Lair:2   | Noticed a four-headed hydra
 12125 | Lair:2   | Noticed qw's ghost (journeyman GrCA)
 12130 | Lair:2   | 12130 ||| Stepping ~*~*~tactically~*~*~ (stealth).
 12131 | Lair:2   | 12131 ||| INVOKING Fiery Armour.
 12300 | Lair:2   | 12300 ||| PLANNING TEMPLE
 12300 | Lair:2   | 12300 ||| UPGRADING to +5 ring of evasion.
 12302 | Lair:2   | 12302 ||| UPGRADING to ring of see invisible.
 12530 | Temple   | Entered the Ecumenical Temple
 12531 | Temple   | 12531 ||| PLANNING OKAWARU WORSHIP
 12536 | Temple   | Fell from the grace of Ignis
 12536 | Temple   | Became a worshipper of Warmaster Okawaru
 12537 | Temple   | 12537 ||| PLANNING LAIR
 12777 | Lair:2   | 12777 ||| Stepping ~*~*~tactically~*~*~ (stealth).
 12778 | Lair:2   | 12778 ||| Stepping ~*~*~tactically~*~*~ (stealth).
 12987 | Lair:2   | You are sucked into a shaft and drop 2 floors!
 12995 | Lair:4   | Reached skill level 13 in Axes
 13158 | Lair:4   | Reached * piety under Okawaru
 13172 | Lair:4   | 13172 ||| DROPPING scarf of invisibility.
 13173 | Lair:4   | 13173 ||| READING scroll labelled UTUCUA DESADGH.
 13178 | Lair:4   | Noticed Snorg
 13179 | Lair:4   | 13179 ||| INVOKING Heroism.
 13199 | Lair:4   | HP: 7/77 [Snorg (17)]
 13200 | Lair:4   | 13200 ||| READING 2 scrolls of teleportation.
 13200 | Lair:4   | Mangled by Snorg

Levels and vault maps discovered:
D:1:      shiori_arrival_maze, layout_loops_ring
D:2:      layout_loops_ring, shapermc_ecumenical_altar_venn, serial_shops,
          nicolae_shop_just_a_little_nook, uniq_sigmund, uniq_jessica
D:3:      layout_loops_cross, chequers_temple_overflow_statue_of_worship,
          minmay_fractal_squares_gapless_5
D:4:      layout_gridville, mainiacjoe_overflow_six_doors_small,
          minmay_temple_entry_enclosed_plants, minmay_starry_boxes
D:5:      layout_cave_pools, serial_column_ruins, column_ruins_hut,
          column_ruins_grid_1, column_ruins_corridor_corner,
          column_ruins_grid_1, column_ruins_grid_4, column_ruins_open_medium
D:6:      layout_basic, serial_co_window_serial, co_window_paths_a,
          co_window_corner_a, co_window_corner_a, co_window_paths_a,
          co_window_of_opportunity_a, co_window_cross_4, co_window_broadway_a,
          co_window_of_opportunity_c, co_window_cross_4, co_window_4corner_a,
          glass_columns_a, grunt_ministairs_6, minmay_microvault
D:7:      layout_loops_ring, fedhas_altar_3, serial_shops,
          nicolae_shop_tiny_waterfront, minmay_misc_feat_tiny,
          uniq_crazy_yiuf_cottage, uniq_menkaure
D:8:      layout_basic, uniq_joseph, uniq_psyche, uniq_maurice
D:9:      layout_rooms, kennysheep_vampire_church, roderic_batcave
D:10:     layout_layer_cave, gammafunk_temple_overflow_wave,
          minmay_lair_entry_grove, zombieorc2_lemuel
Temple:   nicolae_temple_no_exploring_needed
Lair:1:   layout_hall_layers, gammafunk_ghost_berserking_beasts,
          minmay_shattered_shrine, grunt_megastairs_2, serial_bayou_shore_b,
          lemuel_fruit_tree, uniq_grum
Lair:2:   layout_gridlike, ebering_ghost_inner_flame, grunt_megastairs_1,
          serial_bayou_shore_b, infiniplex_staircase_pool_2
Lair:4:   layout_cave_pods, amcnicky_mini_pool_medium, uniq_snorg

Skill      XL: |  1  2  3  4  5  6  7  8  9 10 11 12 |
---------------+-------------------------------------+-----
Axes           | 3 4 5 7 8 10 11 13 | 13.0
Armour         | 4 6 8 9 |  9.5
Fighting       | 4 5 6 7 9 10 | 10.0
Throwing       | 3 |  3.1
Shields        | 3 8 9 10 11 | 11.0
Dodging        | 1 |  1.1
Spellcasting   | |  1.0
Fire Magic     | |  3.0

Action                     |  1- 3 |  4- 6 |  7- 9 | 10-12 || total
---------------------------+-------+-------+-------+-------++-------
  Melee: Hand axe          |    74 |    83 |       |    11 ||   168
         Punch             |     1 |     2 |       |       ||     3
         War axe           |       |    55 |   162 |       ||   217
         Broad axe         |       |       |    94 |   568 ||   662
  Throw: Boomerang         |     8 |    58 |   102 |   215 ||   383
 Invoke: Fiery Armour      |     2 |     1 |     1 |     9 ||    13
         Heroism           |       |       |       |     1 ||     1
    Use: Scroll            |     4 |     3 |    12 |     8 ||    27
         Potion            |       |     1 |     3 |     1 ||     5
 Armour: Robe              |    14 |       |       |       ||    14
         Ring mail         |    22 |    57 |       |       ||    79
         Chain mail        |       |    24 |   205 |    55 ||   284
         Plate armour      |       |       |       |   311 ||   311
  Dodge: Dodged            |    50 |    48 |   121 |   228 ||   447
  Block: Kite shield       |       |       |    23 |   295 ||   318

Table legend:
 A = Non-vault XP
 B = Vault XP
 C = Vault XP percentage of total XP
 D = Non-vault monster count
 E = Vault monster count
 F = Vault count percentage of total count
                 A         B        C        D         E       F
            +---------+---------+-------+---------+---------+-------
      Total |   17715 |   13995 |  44.1 |     258 |     111 |  30.1
            +---------+---------+-------+---------+---------+-------
        D:1 |      30 |       4 |  11.8 |      21 |       2 |   8.7
        D:2 |      21 |     276 |  92.9 |      13 |       2 |  13.3
        D:3 |     178 |       9 |   4.8 |      24 |       4 |  14.3
        D:4 |     415 |      24 |   5.5 |      24 |       7 |  22.6
        D:5 |    1124 |       0 |   0.0 |      17 |       0 |   0.0
        D:6 |    1409 |     216 |  13.3 |      28 |       3 |   9.7
        D:7 |     902 |     172 |  16.0 |      13 |       1 |   7.1
        D:8 |    2615 |    1296 |  33.1 |      43 |       3 |   6.5
        D:9 |    2202 |      81 |   3.5 |      24 |      16 |  40.0
       D:10 |    2103 |    2206 |  51.2 |      18 |      49 |  73.1
     Lair:1 |    1199 |    7331 |  85.9 |       6 |      17 |  73.9
     Lair:2 |    4000 |    2380 |  37.3 |      20 |       7 |  25.9
     Lair:4 |    1517 |       0 |   0.0 |       7 |       0 |   0.0
            +---------+---------+-------+---------+---------+-------
